 Dungeon Crawl Stone Soup version 0.29-a0-330-g52719c12eb (webtiles) character file.

Game seed: 16935106067194009899

118 Ajdolov the Shooter (level 5, -18/32 HPs)
             Began as a Tengu Hunter on Apr 21, 2022.
             Killed from afar by an acid dragon (34 damage)
             ... with a splash of acid
             ... on level 4 of the Dungeon.
             The game lasted 00:03:07 (2699 turns).

Ajdolov the Shooter (Tengu Hunter)                  Turns: 2699, Time: 00:03:07

Health: -18/32     AC:  0    Str: 11    XL:     5   Next: 2%
Magic:  6/6        EV: 14    Int: 10    God:
Gold:   116        SH:  0    Dex: 19    Spells: 4/4 levels left

rFire   . . .      SeeInvis .   a - +1 shortbow
rCold   . . .      Faith    .   (shield currently unavailable)
rNeg    . . .      Spirit   .   b - +0 leather armour
rPois   .          Reflect  .   (helmet restricted)
rElec   .          Harm     .   (no cloak)
rCorr   .          Rampage  .   g - +0 pair of gloves
Will    .....                   (boots unavailable)
Stlth   ++........              (no amulet)
HPRegen 0.10/turn               (no ring)
MPRegen 0.10/turn               (no ring)

@: corroded, flying quickly and evasively, quick
A: beak, talons 3, nimble flight
a: no special abilities


You were on level 4 of the Dungeon.
You visited 1 branch of the dungeon, and saw 4 of its levels.

You collected 116 gold pieces.

Inventory:

Hand Weapons
 a - a +1 shortbow (weapon)
Armour
 b - a +0 leather armour (worn)
 g - a +0 pair of gloves (worn)
Scrolls
 c - 2 scrolls of immolation
 d - 2 scrolls of enchant armour {unknown}
 f - a scroll of blinking {unknown}
 h - 5 scrolls of identify {unknown}
 j - a scroll of enchant weapon {unknown}
 k - a scroll of magic mapping {unknown}
 m - 2 scrolls of teleportation {unknown}
 o - a scroll of silence {unknown}
 p - a scroll of fear {unknown}
Potions
 e - 2 potions of flight {unknown}
 i - a potion of heal wounds {unknown}
 l - a potion of invisibility {unknown}
 n - a potion of curing {unknown}
 q - a potion of might {unknown}


   Skills:
 + Level 3.2 Fighting
 * Level 6.1 Bows
 - Level 2.1 Dodging
 - Level 1.0 Stealth


You had 4 spell levels left.
You didn't know any spells.
Your spell library contained the following spells:

 Spells                   Type           Power      Damage    Failure   Level
 Gell's Gravitas          Tloc           0%         N/A       83%         3
 Lesser Beckoning         Tloc           0%         N/A       83%         3
 Teleport Other           Tloc           0%         N/A       83%         3
 Iskenderun's Battlesphe  Conj           0%         2d6       100%        5
 Iron Shot                Conj/Erth      0%         9d1       100%        6
 Spellforged Servitor     Conj/Summ      0%         N/A       100%        7


Dungeon Overview and Level Annotations

Branches:
Dungeon (4/15)
 Temple: D:4-7

Altars:

Shops:
D:1 =   D:4 =!


Innate Abilities, Weirdness & Mutations

You have a beak for a mouth.
You have claws for feet.
Your magical nature lets you fly swiftly and evasively.


Message History

Press: ? - help, Q - select action Shift-Dir - straight line, f/p - kobold
Aim: a kobold, wielding a +0 whip (heavily wounded, 60% to hit)
You shoot an arrow. The arrow misses the kobold.
The kobold barely misses you. The kobold hits you with a +0 whip.
* * * LOW HITPOINT WARNING * * *
Shoot: a) +1 shortbow
Press: ? - help, Q - select action Shift-Dir - straight line, f/p - kobold
Aim: a kobold, wielding a +0 whip (heavily wounded, 60% to hit)
You shoot an arrow. The arrow hits the kobold.
You kill the kobold!
Unknown command.
You start resting.
HP restored.
Things that are here:
a +0 whip; a kobold skeleton
There is an open door here.
There is a stone staircase leading down here.
You fly downwards.
Found a book of Cantrips.
There is a stone staircase leading up here.
You shoot an arrow. The arrow hits the acid dragon!
The acid dragon is moderately wounded.
You shoot an arrow. The arrow hits the acid dragon.
The acid dragon is heavily wounded.
You shoot an arrow. The arrow hits the acid dragon.
The acid dragon is severely wounded.
The acid dragon spits acid at you. The splash of acid hits you!
Ouch! That really hurt!
The acid corrodes you!
You hear an angry hiss.
Shoot: a) +1 shortbow
Press: ? - help, Q - select action Shift-Dir - straight line, f/p - acid dragon
Aim: an acid dragon (severely wounded, 66% to hit)
You shoot an arrow.
The arrow barely misses the acid dragon.
The acid dragon spits acid at you. The splash of acid hits you!!
Ouch! That really hurt!
You die...

###+######
#.@......#
#.#D####.#
#. .# #.
.. .. ...
#. ..:# #.
.... #.
.#...


You could see an acid dragon (catching breath).

Vanquished Creatures
  3 adders
  2 worms (D:2)
  A dart slug (D:1)
  4 orcs (D:3)
  7 endoplasms
  3 giant cockroaches
  5 goblins
  4 hobgoblins
  7 jackals (D:2)
  12 kobolds
  3 quokkas
  4 ball pythons
  7 bats
  3 frilled lizards (D:1)
  4 rats (D:1)
  A spectral kobold (D:1)
70 creatures vanquished.

Notes
Turn   | Place    | Note
-------+----------+-------------------------------------------
     0 | D:1      | Ajdolov the Tengu Hunter began the quest for the Orb.
     0 | D:1      | Reached XP level 1. HP: 12/12 MP: 2/2
   118 | D:1      | Reached XP level 2. HP: 17/17 MP: 3/3
   144 | D:1      | Found Boch's Jewellery Shop.
   322 | D:1      | Reached skill level 5 in Bows
   354 | D:1      | Reached XP level 3. HP: 22/22 MP: 4/4
   623 | D:1      | Found a faded altar of an unknown god.
   662 | D:1      | You fall into a shaft and drop 1 floor!
   700 | D:2      | Reached XP level 4. HP: 21/27 MP: 5/5
  1789 | D:4      | Found Yfat's Jewellery Boutique.
  1790 | D:4      | Noticed an ogre
  1801 | D:4      | Found Jeguaw's Distillery.
  1903 | D:3      | Reached skill level 6 in Bows
  2375 | D:4      | Gained mutation: Your magical nature lets you fly swiftly
                  | and evasively. [Tengu growth]
  2375 | D:4      | Reached XP level 5. HP: 22/32 MP: 6/6
  2695 | D:4      | Noticed an acid dragon
  2699 | D:4      | Killed from afar by an acid dragon

Illustrated notes

Levels and vault maps discovered:
D:1:      scummos_arrival_checkerplants, layout_rooms,
          dreamdust_ecumenical_altar_drowned_temple, serial_shops, shop,
          minivault_26, minmay_pentomino_x2
D:2:      layout_loops_ring, st_stairs_3
D:3:      layout_basic
D:4:      layout_loops_corners, minmay_temple_entry_waves, serial_shops,
          nicolae_shop_behind_doors, shop, nicolae_shop_statue_plus, shop,
          nicolae_stop_n_shop_2

Skill      XL: |  1  2  3  4 |
---------------+-------------+-----
Bows           | 5 6 |  6.1
Fighting       | 3 |  3.2
Dodging        | |  2.1
Stealth        | |  1.0

Action                   |  1- 3 |  4- 6 || total
-------------------------+-------+-------++-------
 Fire: Shortbow          |    85 |    97 ||   182
Armor: Leather armour    |    10 |    18 ||    28
Dodge: Dodged            |    16 |    39 ||    55

Table legend: (Time is in decaauts)
 A = Elapsed time spent in this place.
 B = Non-inter-level travel time spent in this place.
 C = Inter-level travel time spent in this place.
 D = Time resting spent in this place.
 E = Time spent auto-exploring this place.
 F = Levels seen in this place.
 G = Mean time per level.
                   A        B        C        D        E       F      G
               +--------+--------+--------+--------+--------+-----+--------+
         Total |   2743 |   2623 |    120 |    228 |   1949 |   4 |  685.8 |
       Dungeon |   2743 |   2623 |    120 |    228 |   1949 |   4 |  685.8 |
               +--------+--------+--------+--------+--------+-----+--------+

Top non-repeatable levels by time:
     D:3: 1135 daAuts
     D:2: 835 daAuts
     D:1: 681 daAuts
     D:4: 91 daAuts
